 Dungeon Crawl Stone Soup version 0.20-a0-1026-gc3ddcbd (webtiles) character file.

36820 galech the Carver (level 13, -6/121 HPs)
             Began as a Deep Dwarf Fighter on Apr 20, 2017.
             Was the Champion of Okawaru.
             Killed by divine providence
             ... invoked by an orc priest
              (13 damage)
             ... on level 1 of the Orcish Mines.
             The game lasted 00:42:55 (13065 turns).

galech the Carver (Deep Dwarf Fighter)             Turns: 13065, Time: 00:42:56

Health: -6/121     AC: 19    Str: 31    XL:     13   Next: 55%
Magic:  0/0        EV: 10    Int: 10    God:    Okawaru [******]
Gold:   1019       SH: 14    Dex: 17    Spells: 12/12 levels left

rFire    . . .     SeeInvis .   K - +9 long sword of the Nexus {flame, rElec Str+8 Int-3 Dex+2}
rCold    . . .     Gourm    .   c - +0 shield
rNeg     . . .     Faith    .   I - +0 plate armour
rPois    +         Spirit   .   V - +1 hat {Int+3}
rElec    +         Reflect  .   F - +1 cloak {rPois}
rCorr    .         Harm     .   (no gloves)
MR       ++...     Clarity  +   (no boots)
Stlth    ..........             (no amulet)
Regen    0.0/turn               O - +5 ring of slaying
MPRegen  0.1/turn               q - ring of stealth

@: non-regenerating
A: damage resistance, heal wounds, clarity, magic resistance 1, sense
surroundings 2, strong 1, no regeneration
a: Heal Wounds, Heroism, Finesse, Renounce Religion


You were on level 1 of the Orcish Mines.
You worshipped Okawaru.
Okawaru was exalted by your worship.
You were not hungry.

You visited 4 branches of the dungeon, and saw 19 of its levels.

You collected 1019 gold pieces.

Inventory:

Hand Weapons
 a - a +0 long sword
 e - a +0 falchion of holy wrath
 K - the +9 long sword of the Nexus (weapon) {flame, rElec Str+8 Int-3 Dex+2}
   (Okawaru gifted it to you on level 2 of the Lair of Beasts)

   It has been specially enchanted to burn those struck by it, causing extra
   injury to most foes and up to half again as much damage against particularly
   susceptible opponents.
   Big, fiery blades are also staple armaments of hydra-hunters.
   It affects your strength (+8).
   It affects your intelligence (-3).
   It affects your dexterity (+2).
   It insulates you from electricity.
 L - the +7 whip of Premature Burial {freeze, *Noise rF+ MR++}
   (You found it on level 6 of the Dungeon)

   It has been specially enchanted to freeze those struck by it, causing extra
   injury to most foes and up to half again as much damage against particularly
   susceptible opponents.
   It can also slow down cold-blooded creatures.
   It protects you from fire.
   It affects your resistance to hostile enchantments.
   It may make noises in combat.
 P - a +9 falchion
 T - a +0 great sword
Armour
 c - a +0 shield (worn)
 D - a +2 cloak
 F - a +1 cloak of poison resistance (worn)
 I - a +0 plate armour (worn)
 V - a +1 hat of intelligence (worn)
 Z - a +0 helmet
Jewellery
 q - a ring of stealth (right hand)
 z - an uncursed ring of flight {unknown}
 H - an uncursed ring of ice
 O - a +5 ring of slaying (left hand)
 Q - an uncursed ring of protection from magic
 W - an uncursed ring of protection from magic
Wands
 y - a wand of digging (14/24)
 N - a wand of digging (15/24)
 X - a wand of disintegration (16/24)
Scrolls
 b - a scroll of fear
 k - 8 scrolls of teleportation
 l - 6 scrolls of random uselessness
 n - 7 scrolls of remove curse
 p - 5 scrolls of amnesia
 r - 6 scrolls of enchant armour
 s - 3 scrolls of identify
 u - 4 scrolls of fog
 v - a scroll of recharging
 A - 3 scrolls of magic mapping
 S - a scroll of holy word
 Y - a scroll of blinking
Potions
 d - 2 potions of might
 h - a potion of lignification
 i - 4 potions of agility
 j - 2 potions of invisibility
 m - 2 potions of haste
 o - 3 potions of degeneration
 t - 2 potions of mutation
 B - a potion of ambrosia
 C - a potion of flight
 E - 4 potions of brilliance
Comestibles
 f - 10 bread rations
 g - 7 meat rations
 x - 43 fruits
 U - 13 royal jellies


   Skills:
 + Level 9.0 Fighting
 + Level 13.2 Long Blades
 + Level 5.5 Maces & Flails
 + Level 12.2 Armour
 + Level 4.0 Dodging
 + Level 2.1 Stealth
 + Level 12.5 Shields
 + Level 0.3 Invocations


You had 12 spell levels left.
You didn't know any spells.

Dungeon Overview and Level Annotations

Branches:
Dungeon (11/15)            Temple (1/1) D:7            Lair (6/6) D:8
  Swamp (0/4) Lair:3       Spider (0/4) Lair:2        Slime (0/5) Lair:6
    Orc (1/2) D:11

Altars:
Ashenzari
Dithmenos
Elyvilon
Fedhas
Hepliaklqana
Nemelex Xobeh
Okawaru
Qazlal
Ru
Sif Muna
Trog
Uskayaw
Vehumet
Wu Jian
Xom
Zin
The Shining One
Jiyva

Shops:
D:7 *   D:8 (


Innate Abilities, Weirdness & Mutations

You are resistant to damage.
You can heal yourself by infusing magical energy.
You passively map the area around you.
You do not regenerate.
You possess an exceptional clarity of mind.
You are resistant to hostile enchantments. (MR+)
Your muscles are strong. (Str +2)


Message History

The orc warrior shouts!
An orc, an orc wizard and an ogre come into view.
The orc wizard is wielding a dagger of speed.
An orc comes into view.
It is wielding a falchion of holy wrath.
The ogre shouts!
The orc shouts!
The orc wizard shouts!
The orc shouts!
You block the orc warrior's attack.
An orc and an orc sorcerer come into view.
The orc shouts!
You hit the orc warrior but do no damage.
An orc priest and an ogre come into view.
You closely miss the orc warrior.
The ogre shouts!
You block the orc's attack. The orc warrior closely misses you.
An orc and an orc wizard come into view.
The orc wizard shouts!
The orc shouts!
You slash the orc warrior! You burn the orc warrior.
The orc warrior is severely wounded.
The orc priest mumbles some strange prayers to Beogh against you.
Beogh smites you!
You die...

*, .. * * .o..#
...* *
.....####..,,
.ooo...#... , **,
..oo...... * , ,*,
#....o..## .* * *
#....o.<# ,... ,*
* #.......##....#
* #oooo@........#
,.....O.o.$..$...#
.....###.......##
* .... ##...##.# *
.O. * ##### *# o.
,, , .* , * *,, *
,,* * , **


You could see an orc knight, an orc sorcerer, 3 orc warriors, 2 ogres, 2 orc
priests, 2 orc wizards and 5 orcs.

Vanquished Creatures
  Gastronok (Lair:2)
  3 hydras
  Fannar (Lair:2)
  A two-headed ogre (D:10)
  An anaconda (Lair:6)
  Urug (Lair:2)
  4 skeletal warriors
  An unseen horror (D:10)
  An orb spider (Lair:2)
  Pikel (D:8)
  10 elephants
  A centaur zombie (D:10)
  A black mamba (Lair:6)
  10 spiny frogs
  2 komodo dragons
  4 rime drakes
  A polar bear (Lair:6)
  A troll (D:9)
  A queen bee (Lair:1)
  7 hippogriffs
  33 yaks
  A wraith (D:10)
  3 wyverns
  A hungry ghost (D:10)
  Menkaure (D:4)
  3 basilisks
  A steam dragon (Lair:5)
  5 vampire mosquitoes (Lair:3)
  15 water moccasins
  Purgy (D:4)
  7 porcupines
  2 hell hounds (D:8)
  3 orc warriors
  2 ice beasts (D:8)
  2 phantoms
  A sky beast (D:5)
  5 black bears
  2 ogres
  12 wolves
  A centaur (D:10)
  A big kobold (D:9)
  12 crocodiles
  9 bullfrogs
  A wyvern skeleton (D:9)
  3 scorpions
  32 killer bees
  2 howler monkeys
  9 wights
  3 electric eels
  4 crimson imps
  2 bullfrog zombies
  3 lava snakes (Lair:1)
  2 orc priests
  3 hounds
  2 centaur skeletons
  A bullfrog skeleton (D:6)
  4 jellies (Lair:6)
  6 orc wizards
  Crazy Yiuf (D:5)
  Natasha (thrice) (D:2)
  Terence (D:2)
  An iguana (D:5)
  6 worker ants
  A hound zombie (D:8)
  A worker ant zombie (D:10)
  12 adders
  A howler monkey skeleton (D:4)
  3 shadow imps
  An ooze (Lair:6)
  An adder zombie (D:5)
  5 worms
  2 dart slugs (D:1)
  6 leopard geckos
  37 orcs
  A ball python (D:7)
  4 giant cockroaches
  6 hobgoblins
  9 jackals
  3 quokkas
  3 bats (D:1)
  2 frilled lizards
  11 goblins
  9 kobolds
  A quokka skeleton (D:6)
  5 rats
  6 plants (Lair:6)
395 creatures vanquished.

Vanquished Creatures (others)
  A slave (D:8)
  2 hounds (D:5)
  A worker ant (D:5)
  A worm (D:5)
  9 orcs
  A quokka (D:5)
  A quokka zombie (D:5)
  4 fungi
  2 plants
22 creatures vanquished.

Grand Total: 417 creatures vanquished

Notes
Turn   | Place    | Note
-------+----------+-------------------------------------------
     0 | D:1      | galech the Deep Dwarf Fighter began the quest for the Orb.
     0 | D:1      | Reached XP level 1. HP: 20/20 MP: 1/1
    93 | D:1      | Reached XP level 2. HP: 22/28 MP: 2/2
   322 | D:1      | Reached XP level 3. HP: 18/34 MP: 3/3
   656 | D:2      | Found a faded altar of an unknown god.
   727 | D:2      | Noticed Terence
   739 | D:2      | Killed Terence
   739 | D:2      | Reached skill level 3 in Long Blades
   797 | D:2      | Reached XP level 4. HP: 25/42 MP: 4/4
  1248 | D:2      | Noticed Natasha
  1254 | D:2      | Killed Natasha
  1395 | D:2      | Noticed Natasha
  1402 | D:2      | Killed Natasha
  1402 | D:2      | Reached skill level 4 in Long Blades
  1402 | D:2      | Reached XP level 5. HP: 34/49 MP: 5/5
  1461 | D:2      | Noticed Natasha
  1477 | D:2      | Killed Natasha
  1564 | D:3      | Reached skill level 1 in Dodging
  1975 | D:4      | Found a glowing silver altar of Zin.
  2008 | D:4      | Noticed Purgy
  2026 | D:4      | Killed Purgy
  2026 | D:4      | Reached XP level 6. HP: 46/56 MP: 6/6
  2103 | D:4      | Found a radiant altar of Vehumet.
  2227 | D:4      | Noticed Menkaure
  2238 | D:4      | Killed Menkaure
  2238 | D:4      | Reached skill level 5 in Long Blades
  2340 | D:4      | Reached XP level 7. HP: 44/62 MP: 7/7
  2584 | D:5      | Entered Level 5 of the Dungeon
  2653 | D:5      | Found a shimmering altar of Xom.
  2696 | D:5      | Reached skill level 5 in Armour
  2707 | D:5      | HP: 2/63 [something (2)]
  2727 | D:5      | Reached skill level 5 in Shields
  2775 | D:5      | Found a glowing golden altar of the Shining One.
  2894 | D:5      | Found a runed door.
  2898 | D:5      | Got an ancient mace
  2899 | D:5      | Identified the +5 mace of Instinct {drain, rPois} (You found it on level 5 of the Dungeon)
  2906 | D:5      | Noticed Crazy Yiuf
  2914 | D:5      | Killed Crazy Yiuf
  3015 | D:5      | Found a hazy altar of Hepliaklqana.
  3090 | D:5      | Reached skill level 1 in Maces & Flails
  3291 | D:6      | Found a shadowy altar of Dithmenos.
  3377 | D:6      | Reached XP level 8. HP: 30/72 MP: 7/7
  3501 | D:6      | Found a deep blue altar of Sif Muna.
  3583 | D:6      | Found an ornate altar of the Wu Jian Council.
  3585 | D:6      | Found a hide-covered altar of Uskayaw.
  3656 | D:6      | Got a shimmering whip
  3657 | D:6      | Identified the +7 whip of Premature Burial {freeze, *Noise rF+ MR++} (You found it on level 6 of the Dungeon)
  3810 | D:6      | Found a bloodstained altar of Trog.
  4062 | D:6      | Found a sparkling altar of Nemelex Xobeh.
  4145 | D:7      | Found Wachaliu's General Store.
  4223 | D:7      | Found a blossoming altar of Fedhas.
  4295 | D:7      | Reached skill level 5 in Maces & Flails
  4295 | D:7      | Gained mutation: You passively map the area around you. [Deep Dwarf growth]
  4295 | D:7      | Reached XP level 9. HP: 53/79 MP: 7/7
  4385 | D:7      | Found a staircase to the Ecumenical Temple.
  4688 | D:7      | Found a white marble altar of Elyvilon.
  4747 | D:8      | Found Kirask's Antique Weapon Shoppe.
  4785 | D:8      | Found a staircase to the Lair.
  4816 | D:8      | Reached skill level 6 in Long Blades
  4926 | D:8      | Noticed Pikel
  4941 | D:8      | Killed Pikel
  4941 | D:8      | Reached skill level 5 in Fighting
  4968 | D:8      | Found a stormy altar of Qazlal.
  5062 | Temple   | Entered the Ecumenical Temple
  5066 | Temple   | Became a worshipper of Warmaster Okawaru
  5199 | D:8      | Reached skill level 7 in Long Blades
  5230 | D:8      | Reached skill level 1 in Stealth
  5296 | D:8      | Reached XP level 10. HP: 32/88 MP: 7/7
  5466 | D:8      | Reached * piety under Okawaru
  6563 | D:10     | Entered Level 10 of the Dungeon
  6605 | D:10     | Reached skill level 8 in Long Blades
  6640 | D:10     | Reached ** piety under Okawaru
  7148 | D:10     | Killed an unseen horror
  7190 | D:10     | Noticed a two-headed ogre
  7207 | D:10     | Killed a two-headed ogre
  7207 | D:10     | Reached skill level 9 in Long Blades
  7511 | D:11     | Found a staircase to the Orcish Mines.
  7511 | D:11     | Noticed a skeletal warrior
  7512 | D:11     | Noticed a skeletal warrior
  7512 | D:11     | Noticed a skeletal warrior
  7529 | D:11     | Noticed a skeletal warrior
  7548 | D:10     | Killed a skeletal warrior
  7548 | D:10     | Reached *** piety under Okawaru
  7548 | D:10     | Reached XP level 11. HP: 57/97 MP: 7/7
  7575 | D:10     | Killed a skeletal warrior
  7602 | D:10     | Killed a skeletal warrior
  7612 | D:11     | Reached **** piety under Okawaru
  7630 | D:11     | Killed a skeletal warrior
  7630 | D:11     | Reached skill level 10 in Long Blades
  7747 | D:11     | Noticed a five-headed hydra
  7890 | Lair:1   | Entered Level 1 of the Lair of Beasts
  8026 | Lair:1   | Reached skill level 10 in Armour
  8742 | Lair:2   | Noticed Fannar
  8758 | Lair:2   | Killed Fannar
  8758 | Lair:2   | Reached ***** piety under Okawaru
  8790 | Lair:2   | Reached skill level 10 in Shields
  8880 | Lair:2   | Noticed an orb spider
  8885 | Lair:2   | Found a hole to the Spider Nest.
  8910 | Lair:2   | Killed an orb spider
  8916 | Lair:2   | Noticed Gastronok
  8943 | Lair:2   | Killed Gastronok
  8943 | Lair:2   | Received a gift from Okawaru
  8943 | Lair:2   | Reached skill level 11 in Long Blades
  8995 | Lair:2   | Reached XP level 12. HP: 109/109 MP: 3/3
  9231 | Lair:2   | Noticed Urug
  9357 | Lair:2   | Killed Urug
  9374 | Lair:2   | Received a gift from Okawaru
  9377 | Lair:2   | Got a transparent long sword {god gift}
  9378 | Lair:2   | Identified the +9 long sword of the Nexus {flame, rElec Str+8 Int-3 Dex+2} (Okawaru gifted it to you on level 2 of the Lair of Beasts)
  9653 | Lair:3   | Found a staircase to the Swamp.
 10045 | Lair:3   | Reached skill level 12 in Long Blades
 10750 | Lair:4   | Received a gift from Okawaru
 11069 | Lair:5   | Noticed a six-headed hydra
 11075 | Lair:5   | Killed a one-headed hydra
 11230 | Lair:5   | Gained mutation: You possess an exceptional clarity of mind. [potion of mutation]
 11230 | Lair:5   | Gained mutation: Your muscles are strong. (Str +2) [potion of mutation]
 11230 | Lair:5   | Gained mutation: You are resistant to hostile enchantments. (MR+) [potion of mutation]
 11263 | Lair:5   | Reached XP level 13. HP: 117/118 MP: 1/1
 11822 | Lair:6   | Entered Level 6 of the Lair of Beasts
 11841 | Lair:6   | Reached ****** piety under Okawaru
 11978 | Lair:6   | Found a staircase to the Slime Pits.
 12317 | Lair:6   | Reached skill level 13 in Long Blades
 12817 | Lair:6   | Noticed a dire elephant
 12817 | Lair:6   | Noticed a dire elephant
 12839 | Lair:6   | Noticed a dire elephant
 13023 | D:10     | Received a gift from Okawaru
 13058 | Orc:1    | Entered Level 1 of the Orcish Mines
 13065 | Orc:1    | Killed from afar by an orc priest

Vault maps used:
D:1:      dpeg_arrival_concentric_ovals
D:2:      chequers_ecumenical_altar_twisty, uniq_terence, uniq_natasha
D:3:      first_bread
D:4:      vehumet_crystals, zin_statuary, uniq_purgy, uniq_menkaure
D:5:      nicolae_overflow_crystal_walls, lemuel_doored_altar,
          xom_confusion_cloud, guppyfry_early_lair_pool, uniq_crazy_yiuf_cottage
D:6:      kennysheep_mini_moat, lemuel_coloured_pillars_altar,
          trog_ov_bears_minmay, grunt_temple_overflow_open, serial_bayou_pond_a
D:7:      nicolae_overflow_hidden_temple, fedhas_altar_1, temple_pool_b,
          serial_shops, shop
D:8:      minmay_lair_entry_lava, basic_altar, serial_shops, nicolae_shop_stone,
          kennysheep_generic_room_15, uniq_pikel
D:9:      blue_anna_alchemist, grunt_decor_arrowhead
D:11:     david_orc_2, minivault_16, uniq_josephine
Temple:   pf_slimified_temple
Lair:1:   disabler_island, infiniplex_staircase_pool_2, grunt_megastairs_5
Lair:2:   nicolae_spider_entry_orb_guardian, uniq_gastronok, uniq_fannar,
          uniq_urug
Lair:3:   minmay_swamp_entry_swarm
Lair:4:   serial_bayou_shore_b
Lair:5:   st_stairs_8, infiniplex_staircase_pool
Lair:6:   due_jungle_book, nicolae_slime_entry_slimehenge, serial_bayou_shore_a,
          lemuel_fruit_tree
Orc:1:    serial_shops, shop, basic_altar

Skill      XL: |  1  2  3  4  5  6  7  8  9 10 11 12 13 |
---------------+----------------------------------------+-----
Fighting       | 3 4 5 6 7 8 9 |  9.0
Long Blades    | 3 4 5 7 9 11 12 13 | 13.2
Shields        | 4 5 6 8 9 10 11 12 | 12.5
Dodging        | 1 2 3 4 |  4.0
Armour         | 4 5 6 7 9 10 11 12 | 12.2
Maces & Flails | 2 5 |  5.5
Stealth        | 1 2 |  2.1
Invocations    | |  0.3

Action                   |  1- 3 |  4- 6 |  7- 9 | 10-12 | 13-15 || total
-------------------------+-------+-------+-------+-------+-------++-------
Melee: Long sword        |   113 |   175 |    94 |   166 |   217 ||   765
       Mace              |       |       |    99 |       |       ||    99
       Whip              |       |       |    98 |       |       ||    98
       Falchion          |       |       |   149 |   556 |       ||   705
Invok: Heroism           |       |       |       |     1 |       ||     1
 Abil: Heal Wounds       |     1 |     4 |    17 |    36 |     1 ||    59
  Use: Scroll            |       |     1 |    14 |     6 |     1 ||    22
       Potion            |       |       |       |    11 |     8 ||    19
  Eat: Chunk             |       |     5 |    11 |    20 |     7 ||    43
Armor: Scale mail        |    64 |    62 |    80 |       |       ||   206
       Plate armour      |       |       |   164 |   383 |    73 ||   620
Dodge: Dodged            |    39 |    64 |   110 |   218 |    62 ||   493
Block: Shield            |    70 |    98 |   257 |   448 |   136 ||  1009
       Rpst.: Long sword |    10 |    18 |     7 |    16 |    15 ||    66
       Falchion          |       |       |     9 |    58 |       ||    67
